 Dungeon Crawl Stone Soup version 0.28.0 (webtiles) character file.

Game seed: 12303577534447214771

4 SnakkuSnakku7 the Skirmisher (level 1, 0/18 HPs)
             Began as a Mummy Cinder Acolyte on Feb 11, 2022.
             Was a High Priest of Ignis.
             Slain by a quokka (4 damage)
             ... on level 1 of the Dungeon.
             The game lasted 00:00:12 (43 turns).

SnakkuSnakku7 the Skirmisher (Mummy Cinder Acolyte)   Turns: 43, Time: 00:00:12

Health: 0/18       AC:  2    Str: 17    XL:     1   Next: 50%
Magic:  2/2        EV: 11    Int: 13    God:    Ignis [*****.]
Gold:   0          SH:  0    Dex:  7    Spells: 2/2 levels left

rFire   . . .      SeeInvis .   a - -1 mace (flame)
rCold   + . .      Faith    .   (no shield)
rNeg    + + +      Spirit   .   b - +0 robe
rPois   ∞          Reflect  .   (no helmet)
rElec   .          Harm     .   (no cloak)
rCorr   .          Rampage  .   (no gloves)
Will    .....                   (no boots)
Stlth   +.........              (no amulet)
HPRegen 0.06/turn               (no ring)
MPRegen 0.08/turn               (no ring)

@: no status effects
A: cold resistance 1, negative energy resistance 3, torment resistance 2, heat
vulnerability 1, no potions
a: Renounce Religion, Fiery Armour, Foxfire Swarm, Rising Flame


You were on level 1 of the Dungeon.
You worshipped Ignis.
Ignis was extremely pleased with you.
You visited 1 branch of the dungeon, and saw 1 of its levels.

Inventory:

Hand Weapons
 a - a -1 mace of flaming (weapon)
Armour
 b - a +0 robe (worn)
 c - a +0 chain mail


   Skills:
 - Level 3.0 Fighting
 - Level 2.4 Maces & Flails
 - Level 1.3 Spellcasting
 + Level 2.7 Fire Magic


You had 2 spell levels left.
You didn't know any spells.
Your spell library contained the following spells:

 Spells                   Type           Power      Damage    Failure   Level
 Scorch                   Fire           14%        2d6       14%         2


Dungeon Overview and Level Annotations

Branches:
Dungeon (1/15)

Altars:


Innate Abilities, Weirdness & Mutations

You are immune to poison.
Your flesh is cold resistant. (rC+)
You are immune to negative energy. (rN+++)
You are immune to unholy pain and torment.
You are vulnerable to heat. (rF-)
You do not drink.


Message History

You barely miss the hobgoblin. The hobgoblin hits you.
You hit the hobgoblin. You burn the hobgoblin.
You kill the hobgoblin!
No target in view!
You see here a hobgoblin corpse.
Found a golden potion.
A kobold comes into view. It is wielding a +0 club.
The kobold shouts!
A kobold is nearby!
A kobold is nearby!
A quokka comes into view.
A frilled lizard comes into view.
The frilled lizard hisses angrily.
You closely miss the kobold. The kobold hits you with a +0 club.
You hit the kobold. You burn the kobold.
The kobold is severely wounded.
The kobold closely misses you.
You barely miss the kobold.
The kobold is severely wounded.
The kobold hits you with a +0 club. The kobold hits you but does no damage.
You closely miss the kobold.
The kobold is severely wounded.
The kobold hits you with a +0 club.
You hit the kobold. You burn the kobold.
You kill the kobold!
The quokka closely misses you.
You barely miss the quokka. The quokka bites you.
You hit the quokka. You burn the quokka.
The quokka is almost dead.
The quokka bites you. The quokka closely misses you.
You closely miss the quokka.
The quokka is almost dead.
The quokka bites you but does no damage.
You closely miss the quokka.
The quokka is almost dead.
The quokka bites you. x2
* * * LOW HITPOINT WARNING * * *
You hit the quokka but do no damage.
The quokka is almost dead.
The quokka bites you.
You die...

#.....# .....
..... ... ...
#l# .. #r# .#
#@# .#
###.#####.#
#.........#
#.........#
#.........#####
#......†.......
#.........#####
#.........###
#....!......#


You could see a quokka and a frilled lizard.

Vanquished Creatures
  A bat (D:1)
  A hobgoblin (D:1)
  A kobold (D:1)
3 creatures vanquished.

Notes
Turn   | Place    | Note
-------+----------+-------------------------------------------
     0 | D:1      | SnakkuSnakku7 the Mummy Cinder Acolyte began the quest for
                  | the Orb.
     0 | D:1      | Reached XP level 1. HP: 18/18 MP: 2/2
    43 | D:1      | Slain by a quokka

Illustrated notes

Levels and vault maps discovered:
D:1:      minmay_arrival_semitransparent, layout_rooms, kennysheep_doodads

Action                   || total
-------------------------++-------
Melee: Mace              ||    13
Armor: Robe              ||     3
Dodge: Dodged            ||     5
